 Dungeon Crawl Stone Soup version 0.30-a0-364-gf6b3ef1049 (webtiles) character file.

Game seed: 9139011379481883812

1875 kae the Changer (level 8, -5/70 HPs)
             Began as a Green Draconian Transmuter on Nov 14, 2022.
             Slain by an orange demon (12 damage)
             ... led by Amaemon
             ... on level 8 of the Dungeon.
             The game lasted 00:10:17 (6988 turns).

kae the Changer (Green Draconian Transmuter)        Turns: 6988, Time: 00:10:17

Health: -5/70      AC:  7    Str: 14    XL:     8   Next: 91%
Magic:  13/15      EV: 10    Int: 15    God:
Gold:   351        SH:  0    Dex: 11    Spells: 7/17 levels left

rFire   . . .      SeeInvis .      - Unarmed
rCold   + + +      Faith    .    (shield currently unavailable)
rNeg    . . .      Spirit   .    (body armour unavailable)
rPois   +          Reflect  .    (helmet currently unavailable)
rElec   .          Harm     .    (cloak currently unavailable)
rCorr   .          Rampage  .    (gloves currently unavailable)
Will    .....                    (boots currently unavailable)
Stlth   +.........               (no amulet)
HPRegen 0.31/turn                F - ring of protection from fire
MPRegen 0.14/turn                Z - ring of wizardry

@: mighty, ice-form
A: freezing attack, amphibious, boosted hp, (breathe noxious fumes), AC +6,
large, unfitting armour, (poison resistance), (cold-blooded)
a: End Transformation


You were on level 8 of the Dungeon.
You were a creature of crystalline ice.
You visited 2 branches of the dungeon, and saw 9 of its levels.

You collected 377 gold pieces.
You spent 26 gold pieces at shops.


Innate Abilities, Weirdness & Mutations

You are a creature of crystalline ice.
You have a powerful freezing melee attack.
You are amphibious.
Your maximum health is increased.
Your armour is entirely melded.
You are incapable of wielding weapons or throwing items.
((You can breathe blasts of noxious fumes.))
((Your lurid green scales are hard. (AC +6)))
You cannot fit into any form of body armour.
((Your system is resistant to poisons. (rPois)))
((You are cold-blooded and may be slowed by cold attacks.))


   Skills:
 - Level 1.1 Fighting
 - Level 1.7 Dodging
 - Level 3.0 Unarmed Combat
 + Level 5.1 Spellcasting
 * Level 7.7 Transmutations
 * Level 5.6 Ice Magic
 - Level 4.5 Poison Magic


You had 7 spell levels left.
You knew the following spells:

 Your Spells              Type           Power      Damage    Failure   Level
a - Beastly Appendage     Tmut           54%        N/A       1%          1
b - Wereblood             Tmut           27%        N/A       1%          2
c - Spider Form           Tmut/Pois      22%        N/A       1%          3
d - Ice Form              Ice/Tmut       23%        N/A       4%          4

Your spell library contained the following spells:

 Spells                   Type           Power      Damage    Failure   Level
 Ozocubu's Armour         Ice            20%        N/A       1%          3
 Poisonous Vapours        Pois/Air       20%        N/A       4%          2
 Cigotuvi's Dreadful Rot  Necr/Pois/Air  16%        N/A       5%          2
 Apportation              Tloc           6%         N/A       6%          1
 Magic Dart               Conj           12%        1d3       6%          1
 Call Imp                 Summ           3%         N/A       10%         2
 Mephitic Cloud           Conj/Pois/Air  8%         N/A       11%         3
 Alistair's Intoxication  Tmut/Pois      14%        N/A       14%         5
 Dazzling Flash           Conj/Hex       6%         N/A       19%         3
 Agony                    Necr           3%         N/A       85%         5
 Silence                  Hex/Air        1%         N/A       85%         5
 Ozocubu's Refrigeration  Ice            10%        4d9       99%         7

Inventory:

Missiles
 g - 50 stones
 i - 6 boomerangs
 n - 2 throwing nets {=f!f}
Armour
 l - a +1 pair of gloves (melded)
   (You found it on level 3 of the Dungeon)
 B - a +0 cloak (melded)
   (You took it off Crazy Yiuf on level 5 of the Dungeon)
Magical Staves
 c - a staff of cold {!a}
   (You found it on level 3 of the Dungeon)
 v - a staff of poison {!a}
   (You found it on level 5 of the Dungeon)
Jewellery
 F - a ring of protection from fire (left front paw)
   (You found it on level 1 of the Dungeon)
 Z - a ring of wizardry (right front paw)
   (You found it on level 2 of the Dungeon)
Wands
 p - a wand of roots (8)
   (You found it on level 4 of the Dungeon)
 q - a wand of light (6)
   (You took it off Ijyb on level 5 of the Dungeon)
 A - a wand of polymorph (8)
   (You took it off Crazy Yiuf on level 5 of the Dungeon)
Scrolls
 b - a scroll of enchant weapon
 k - 3 scrolls of immolation {!r!r}
 o - a scroll of identify {@r1}
 r - 4 scrolls of teleportation {@r4}
 s - 2 scrolls of butterflies
 t - a scroll of fear {unknown}
 u - a scroll of enchant armour
 x - a scroll of blinking {!r}
 y - a scroll of poison
 D - a scroll of vulnerability {!r!r}
Potions
 a - a potion of lignification {!q}
 d - 2 potions of brilliance
 e - a potion of flight
 h - a potion of curing {@q1}
 m - 3 potions of degeneration {!q}
 w - a potion of attraction {unknown}
 z - a potion of heal wounds {@q2}
 C - a potion of mutation {unknown}
Miscellaneous
 j - a phantom mirror
   (You found it on level 6 of the Dungeon)

Dungeon Overview and Level Annotations

Branches:
Dungeon (8/15) Zot: 26859  Temple (1/1) D:6 Zot: 5800
   Lair: D:8-11

Altars:
Ashenzari
Cheibriados
Dithmenos
Elyvilon
Fedhas
Gozag
Hepliaklqana
Kikubaaqudgha
Nemelex Xobeh
Okawaru
Qazlal
Ru
Sif Muna
Trog
Uskayaw
Vehumet
Wu Jian
Xom
Yredelemnul
Zin
The Shining One

Shops:
D:4 *

Annotations:
D:4 exclusion: oklob plant

#.#. ## ####.#. .4
#...... #6 #..#.## ..
#..#.# #. #..#.# #.
#..#.#
#.#################.#
#..4)Y....).........#
#####################


You could see an orange demon (curare).


Message History

Your hp is fully restored (59).
The centaur shoots an arrow.
The arrow barely misses you.
The centaur shoots an arrow.
The arrow hits you but does no damage.
The centaur shoots an arrow.
The arrow barely misses you.
You see here a +0 vorpal mace.
Casting: Ice Form (dangerous; 4% risk of failure)
Confirm with . or Enter, or press ? or * to list all spells.
You turn into a creature of crystalline ice.
Your +0 cloak melds into your body.
Your +1 pair of gloves melds into your body.
The centaur shoots an arrow.
The arrow hits you.
The centaur shoots an arrow.
The arrow completely misses you.
The centaur shoots an arrow.
The arrow closely misses you. 😕 HP[+7] MP[-4]
You now have 70 max hp (+11).
You regained 7 hp, and now have 66/70 hp.
You lost 4 mp, and now have 11/15 mp.
The centaur shoots an arrow.
The arrow hits you. 😕 HP[-3]
You take 3 damage, and now have 63/70 hp.
The centaur shoots an arrow.
The arrow hits you.
The centaur shoots an arrow.
The arrow barely misses you. 😕 HP[-5]
You take 5 damage, and now have 58/70 hp.
The centaur shoots an arrow.
The arrow hits you. 😮 HP[-6]
You take 6 damage, and now have 52/70 hp.
The centaur shoots an arrow.
The arrow completely misses you. 😕 HP[+1]
The centaur unwields a +0 shortbow.
The centaur hits you but does no damage.
The centaur barely misses you.
The orange demon stings you from afar! 😮 HP[-7] MP[+1]
You take 7 damage, and now have 46/70 hp.
You hit the centaur but do no damage. The centaur barely misses you. x2
The orange demon stings you from afar. 😮 HP[-1]
You take 1 damage, and now have 45/70 hp.
You punch the centaur! You freeze the centaur. The centaur misses you.
The centaur closely misses you.
The orange demon stings you but does no damage.
The centaur barely misses you.
The centaur kicks you but does no damage.
You barely miss the centaur. The centaur completely misses you.
The centaur kicks you.
You hit the centaur. You freeze the centaur.
The centaur hits you but does no damage.
The centaur closely misses you.
You hit the centaur. You freeze the centaur.
The centaur hits you but does no damage.
The centaur completely misses you. The centaur barely misses you. x2
You punch the centaur! You freeze the centaur.
You kill the centaur! 😮 HP[+1]
You feel very mighty all of a sudden.
Amaemon sings, "Eyes close, heart stop, nighty-night for you..." 😮 MP[+1]
You hit Amaemon. You freeze Amaemon.
Amaemon zaps a wand.
The bolt of light hits you.
The orange demon stings you from afar! 😮 HP[-10]
You take 10 damage, and now have 36/70 hp.
You punch Amaemon! You freeze Amaemon.
Amaemon zaps a wand.
The bolt of light hits you!
* * * LOW HITPOINT WARNING * * *
The orange demon stings you from afar.
* * * LOW HITPOINT WARNING * * *
You hit Amaemon. You freeze Amaemon.
Amaemon gestures at the orange demon while chanting.
The orange demon seems to grow toxic.
The orange demon barely misses you. 😨 HP[-16]
You take 16 damage, and now have 20/70 hp.
MASSIVE DAMAGE!! (PAUSE)
You punch Amaemon! You freeze Amaemon. Amaemon misses you. x2
Amaemon closely misses you. The orange demon stings you from afar.
* * * LOW HITPOINT WARNING * * *
😱 HP[-4]
You take 4 damage, and now have 16/70 hp.
Unknown command.
You pummel Amaemon!! You freeze Amaemon!
Amaemon hits you with a -1 demon whip of venom!
* * * LOW HITPOINT WARNING * * *
Amaemon barely misses you. Amaemon closely misses you.
The orange demon barely misses you. 😱 HP[-7]
You take 7 damage, and now have 9/70 hp.
You barely miss Amaemon.
Amaemon hits you with a -1 demon whip of venom.
* * * LOW HITPOINT WARNING * * *
Amaemon claws you.
* * * LOW HITPOINT WARNING * * *
Amaemon barely misses you.
The orange demon barely misses you. 😱 HP[-2]
You take 2 damage, and now have 7/70 hp.
Unknown command.
You punch Amaemon! You freeze Amaemon.
You kill Amaemon!
The orange demon stings you from afar!
You die...

Skill      XL: |  1  2  3  4  5  6  7  8 |
---------------+-------------------------+-----
Transmutations | 3 4 5 6 7 |  7.7
Poison Magic   | 1 2 3 4 |  4.5
Spellcasting   | 3 4 5 |  5.1
Ice Magic      | 1 3 5 |  5.6
Fighting       | |  1.1
Dodging        | |  1.7
Unarmed Combat | |  3.0

Action                   |  1- 3 |  4- 6 |  7- 9 || total
-------------------------+-------+-------+-------++-------
Melee: Unarmed           |   108 |   145 |   184 ||   437
       Kick              |    32 |    16 |       ||    48
       Headbutt          |    14 |     8 |       ||    22
       Tailslap          |     8 |    10 |     2 ||    20
       Punch             |       |     1 |       ||     1
 Cast: Beastly Appendage |    21 |    14 |       ||    35
       Spider Form       |     2 |    13 |     3 ||    18
       Ice Form          |       |       |    18 ||    18
  Use: Scroll            |     7 |     5 |     6 ||    18
       Potion            |       |     1 |     3 ||     4
 Stab: Sleeping          |       |     1 |       ||     1
Armor: Skin              |    42 |    17 |    68 ||   127
Dodge: Dodged            |    70 |    88 |   132 ||   290

Levels and vault maps discovered:
D:1:      erik_arrival_blinker_ship, layout_rooms, minmay_strange_pillars,
          minmay_pentomino_p4
D:2:      layout_basic
D:3:      layout_basic, marbit_many_paths, gammafunk_temple_overflow_statue,
          uniq_natasha
D:4:      layout_loops_cross, grunt_dithmenos_smoke_and_mirrors,
          mainiacjoe_overflow_alcove_4, grunt_gozag_statues, tgw_fedhas,
          serial_shops, kennysheep_little_box
D:5:      layout_cave_pools, mainiacjoe_overflow_surrounded_room, uniq_ijyb,
          uniq_edmund, uniq_crazy_yiuf_cottage
D:6:      lemuel_ice_spiral_2, layout_rooms, kiku_gazebo_garden_becter,
          minmay_temple_entry_offerings, minmay_checkerbox
D:7:      layout_cave_pools, mainiacjoe_overflow_catwalk_spiral
D:8:      layout_basic, kennysheep_cross_bottleneck, uniq_amaemon, uniq_joseph
Temple:   nicolae_temple_bog_church

Notes
Turn   | Place    | Note
-------+----------+-------------------------------------------
     0 | D:1      | kae the Draconian Transmuter began the quest for the Orb.
     0 | D:1      | Reached XP level 1. HP: 16/16 MP: 3/3
     0 | D:1      | magus.rc [v1.11.3]
    21 | D:1      | You pick up a book of Vapours and begin reading...
    21 | D:1      | You add the spells Poisonous Vapours, Cigotuvi's Dreadful
                  | Rot and Mephitic Cloud to your library.
   131 | D:1      | You pick up a book of Party Tricks and begin reading...
   131 | D:1      | You add the spells Apportation and Alistair's Intoxication
                  | to your library.
   169 | D:1      | Reached XP level 2. HP: 20/23 MP: 5/5
   284 | D:1      | Learned a level 2 spell: Wereblood
   390 | D:1      | Reached skill level 3 in Transmutations
   738 | D:2      | Reached XP level 3. HP: 24/28 MP: 4/6
   759 | D:2      | Learned a level 3 spell: Spider Form
   816 | D:2      | You pick up a book of the Senses and begin reading...
   816 | D:2      | You add the spells Dazzling Flash, Agony and Silence to
                  | your library.
   836 | D:2      | Identified the +1 ring mail "Nusoilir" {rF+ rC- rN+ Str+2}
  1039 | D:2      | Reached skill level 1 in Poison Magic
  1115 | D:1      | Reached XP level 4. HP: 35/35 MP: 4/8
  1633 | D:3      | Found a sparkling altar of Nemelex Xobeh.
  1633 | D:3      | Found a radiant altar of Vehumet.
  1913 | D:3      | Noticed Natasha
  2113 | D:3      | HP: 8/35 [Natasha (2)]
  2114 | D:3      | Killed Natasha
  2298 | D:3      | Reached skill level 2 in Poison Magic
  2299 | D:3      | Reached skill level 4 in Transmutations
  2327 | D:3      | Found a shimmering blue altar of Sif Muna.
  2538 | D:4      | Found an opulent altar of Gozag.
  2559 | D:4      | Reached XP level 5. HP: 38/40 MP: 7/9
  2735 | D:4      | Reached skill level 3 in Spellcasting
  2881 | D:4      | You pick up a book of Minor Magic and begin reading...
  2881 | D:4      | You add the spells Magic Dart and Call Imp to your library.
  2961 | D:4      | Found Ykhlooco's General Store.
  2966 | D:4      | Bought a scroll of identify for 26 gold pieces
  3039 | D:4      | Found a blossoming altar of Fedhas.
  3067 | D:4      | Noticed an oklob plant
  3207 | D:4      | Found a shadowy altar of Dithmenos.
  3386 | D:4      | Found a glowing silver altar of Zin.
  3513 | D:5      | Entered Level 5 of the Dungeon
  3513 | D:5      | Noticed Edmund
  3530 | D:4      | HP: 7/40 [Edmund/+2 flail of holy wrath (6)]
  3534 | D:4      | Killed Edmund
  3535 | D:4      | Reached skill level 3 in Poison Magic
  3535 | D:4      | Reached XP level 6. HP: 39/47 MP: 7/10
  3698 | D:5      | HP: 11/47 [ogre/+0 giant club (20)]
  3704 | D:5      | HP: 8/47 [howler monkey (4)]
  3707 | D:4      | Reached skill level 5 in Transmutations
  3722 | D:4      | Learned a level 4 spell: Ice Form
  3851 | D:5      | Noticed Ijyb
  3865 | D:5      | Killed Ijyb
  3931 | D:5      | Reached skill level 1 in Ice Magic
  3931 | D:5      | Your scales start taking on a lurid green colour.
  3931 | D:5      | Reached skill level 4 in Poison Magic
  3931 | D:5      | Reached XP level 7. HP: 49/52 MP: 8/12
  3931 | D:5      | Gained mutation: Your system is resistant to poisons.
                  | (rPois) [Green Draconian growth]
  4102 | D:5      | HP: 7/52 [acid (9)]
  4310 | D:5      | Reached skill level 2 in Ice Magic
  4340 | D:5      | Found a broken altar of Ashenzari.
  4484 | D:5      | You pick up a book of Minor Magic and begin reading...
  4506 | D:5      | Found a runed translucent door.
  4507 | D:5      | Noticed Crazy Yiuf
  4622 | D:5      | Killed Crazy Yiuf
  4821 | D:6      | Reached skill level 4 in Spellcasting
  4821 | D:6      | Found an ancient bone altar of Kikubaaqudgha.
  4980 | D:6      | Reached skill level 6 in Transmutations
  4980 | D:6      | Reached skill level 3 in Ice Magic
  5036 | D:6      | Reached XP level 8. HP: 54/59 MP: 10/14
  5298 | D:6      | Found a staircase to the Ecumenical Temple.
  5311 | D:6      | You add the spells Ozocubu's Armour and Ozocubu's
                  | Refrigeration to your library.
  5550 | Temple   | Entered the Ecumenical Temple
  5792 | D:7      | Reached skill level 4 in Ice Magic
  6000 | D:7      | Reached skill level 7 in Transmutations
  6064 | D:7      | HP: 15/70 [orc priest/+1 trident of venom (5)]
  6067 | D:7      | HP: 7/70 [poisoned by an orc priest]
  6070 | D:7      | HP: 3/70 [poisoned by an orc priest]
  6328 | D:7      | Reached skill level 5 in Ice Magic
  6404 | D:7      | Found a bloodstained altar of Trog.
  6484 | D:7      | Reached skill level 5 in Spellcasting
  6739 | D:7      | Found a sacrificial altar of Ru.
  6755 | D:7      | Identified the +7 trident "Brush" {vorpal, rElec rC- rN+
                  | Dex+7}
  6959 | D:8      | Noticed Amaemon
  6959 | D:8      | Noticed an orange demon
  6985 | D:8      | HP: 16/70 [orange demon[Amaemon] (4)]
  6987 | D:8      | HP: 7/70 [Amaemon/-1 demon whip of venom (1)]
  6988 | D:8      | Killed Amaemon
  6988 | D:8      | Slain by an orange demon

Vanquished Creatures
  Amaemon (D:8)
  A steam dragon (D:7)
  Edmund (D:4)
  2 water moccasins (D:7)
  An acid dragon (D:8)
  3 ice beasts
  A black bear (D:6)
  An ogre (D:4)
  A centaur (D:8)
  2 howler monkeys
  3 orc priests
  4 hounds
  A jelly (D:5)
  Crazy Yiuf (D:5)
  Ijyb (D:5)
  4 iguanas
  Natasha (D:3)
  3 orc wizards
  3 gnolls (D:7)
  7 adders
  3 white imps
  An ufetubus (D:5)
  3 worms
  4 dart slugs
  15 orcs
  3 bats (D:1)
  5 endoplasms
  4 giant cockroaches
  4 goblins
  4 hobgoblins
  6 jackals
  2 quokkas (D:3)
  A ball python (D:2)
  2 frilled lizards
  5 kobolds
  12 rats
116 creatures vanquished.

Table legend:
 A = Non-vault XP
 B = Vault XP
 C = Vault XP percentage of total XP
 D = Non-vault monster count
 E = Vault monster count
 F = Vault count percentage of total count
                 A         B        C        D         E       F
            +---------+---------+-------+---------+---------+-------
      Total |    1964 |    1479 |  43.0 |     102 |      14 |  12.1
            +---------+---------+-------+---------+---------+-------
        D:1 |      34 |       6 |  15.0 |      18 |       4 |  18.2
        D:2 |      80 |       0 |   0.0 |      23 |       0 |   0.0
        D:3 |      38 |      36 |  48.6 |      11 |       2 |  15.4
        D:4 |     277 |     169 |  37.9 |      12 |       1 |   7.7
        D:5 |     277 |      72 |  20.6 |       7 |       2 |  22.2
        D:6 |     150 |     432 |  74.2 |       8 |       4 |  33.3
        D:7 |     840 |       0 |   0.0 |      20 |       0 |   0.0
        D:8 |     268 |     764 |  74.0 |       3 |       1 |  25.0
            +---------+---------+-------+---------+---------+-------

Illustrated notes

Table legend:
 A = Kills in this place as a percentage of kills in entire the game.
 B = Kills by you in this place as a percentage of kills by you in the entire game.
 C = Kills by friends in this place as a percentage of kills by friends in the entire game.
 D = Other kills in this place as a percentage of other kills in the entire game.
 E = Experience gained in this place as a percentage of experience gained in the entire game.
 F = Experience gained in this place divided by the number of levels of this place that you have seen.
                   A       B       C       D       E      F
               +-------+-------+-------+-------+-------+----------------------
         Total | 100.0 | 100.0 |   N/A |   N/A | 100.0 | 382.6
       Dungeon | 100.0 | 100.0 |   N/A |   N/A | 100.0 | 430.4
               +-------+-------+-------+-------+-------+----------------------

Table legend: (Time is in decaauts)
 A = Elapsed time spent in this place.
 B = Non-inter-level travel time spent in this place.
 C = Inter-level travel time spent in this place.
 D = Time resting spent in this place.
 E = Time spent auto-exploring this place.
 F = Levels seen in this place.
 G = Mean time per level.
                   A        B        C        D        E       F      G
               +--------+--------+--------+--------+--------+-----+--------+
         Total |   6989 |   6720 |    269 |    477 |   5114 |   9 |  776.6 |
       Dungeon |   6790 |   6540 |    250 |    477 |   4944 |   8 |  848.8 |
        Temple |    199 |    180 |     19 |      0 |    169 |   1 |  199.0 |
               +--------+--------+--------+--------+--------+-----+--------+

Top non-repeatable levels by time:
     D:4: 1204 daAuts
     D:7: 1061 daAuts
     D:5: 1053 daAuts
     D:3: 1030 daAuts
     D:2: 887 daAuts
     D:6: 822 daAuts
     D:1: 589 daAuts
  Temple: 199 daAuts
     D:8: 139 daAuts
